 Dungeon Crawl Stone Soup version 0.29-a0-270-g1586fc07ea (webtiles) character file.

Game seed: 2958280256734254028

24 Crownlay the Digger (level 3, 0/19 HPs)
             Began as a Gargoyle Earth Elementalist on Mar 7, 2022.
             Slain by a hobgoblin (2 damage)
             ... on level 1 of the Dungeon.
             The game lasted 00:01:03 (547 turns).

Crownlay the Digger (Gargoyle Earth Elementalist)    Turns: 547, Time: 00:01:04

Health: 0/19       AC:  5    Str: 11    XL:     3   Next: 2%
Magic:  7/7        EV: 11    Int: 17    God:
Gold:   10         SH:  0    Dex: 10    Spells: 6/7 levels left

rFire   + . .      SeeInvis .   f - +0 short sword
rCold   . . .      Faith    .   (no shield)
rNeg    + . .      Spirit   .   b - +0 robe
rPois   ∞          Reflect  .   (no helmet)
rElec   +          Harm     .   (no cloak)
rCorr   .          Rampage  .   (no gloves)
Will    .....                   (no boots)
Stlth   ++........              e - amulet of regeneration
HPRegen 0.86/turn               d - ring of protection from fire
MPRegen 0.10/turn               (no ring)

@: no status effects
A: sickness immunity, AC +3, negative energy resistance 1, electricity
resistance, torment resistance 1, petrification resistance
a: no special abilities


You were on level 1 of the Dungeon.
You visited 1 branch of the dungeon, and saw 1 of its levels.

You collected 10 gold pieces.

Inventory:

Hand Weapons
 f - a +0 short sword (weapon)
Missiles
 a - 21 stones
Armour
 b - a +0 robe (worn)
Jewellery
 d - a ring of protection from fire (left hand)
 e - an amulet of regeneration (around neck)
Scrolls
 g - a scroll of identify {unknown}
Potions
 c - a potion of magic
 h - 2 potions of heal wounds {unknown}


   Skills:
 - Level 1.5 Dodging
 - Level 2.1 Stealth
 * Level 2.9 Spellcasting
 - Level 0.7 Transmutations
 + Level 4.1 Earth Magic


You had 6 spell levels left.
You knew the following spells:

 Your Spells              Type           Power      Damage    Failure   Level
a - Sandblast             Erth           32%        2d9       3%          1

Your spell library contained the following spells:

 Spells                   Type           Power      Damage    Failure   Level
 Passwall                 Tmut/Erth      8%         N/A       10%         2
 Stone Arrow              Conj/Erth      18%        3d8       22%         3
 Petrify                  Tmut/Erth      10%        N/A       54%         4


Dungeon Overview and Level Annotations

Branches:
Dungeon (1/15)

Altars:


Innate Abilities, Weirdness & Mutations

You are immune to sickness and miasma.
Your stone body is resilient. (AC +3)
You are immune to poison.
You resist negative energy. (rN+)
You are resistant to electric shocks. (rElec)
You are resistant to unholy torment.
You are immune to petrification.


Message History

Found a scale mail.
A rat comes into view.
An endoplasm comes into view.
The endoplasm quivers.
The endoplasm moves out of view.
Found a brown potion.
A hobgoblin comes into view.
Found 26 stones.
The hobgoblin shouts!
The endoplasm hits you but does no damage.
You hit the endoplasm.
The endoplasm is lightly wounded.
The rat bites you but does no damage. The endoplasm hits you.
You hit the endoplasm but do no damage.
The endoplasm is lightly wounded.
The rat misses you. The endoplasm misses you. The rat misses you.
The endoplasm hits you.
You barely miss the endoplasm.
The endoplasm is lightly wounded.
The rat closely misses you.
The endoplasm hits you but does no damage.
You hit the endoplasm.
The endoplasm is moderately wounded.
The rat bites you but does no damage. The endoplasm barely misses you.
The hobgoblin closely misses you.
You hit the endoplasm but do no damage.
The endoplasm is moderately wounded.
The rat bites you. The endoplasm freezes you.
You are frozen.
The hobgoblin hits you.
You hit the endoplasm.
You kill the endoplasm!
The rat bites you. The hobgoblin hits you.
* * * LOW HITPOINT WARNING * * *
You have reached level 3!
Your experience leads to an increase in your attributes!
Increase (S)trength, (I)ntelligence, or (D)exterity?
You feel clever. x2
The hobgoblin attacks as you move away! The hobgoblin hits you.
You die...

..........#
......(...#
...!......#
..........#
..........
.........
##########
......g.#
#.......[.
#...r@##
#.########
##..#..###.## ##
##.##...##
#.......##
##.......########
.##.......##......
.#.......##......
.........###......
###......###......


You could see a hobgoblin and a rat.

Vanquished Creatures
  3 bats (D:1)
  2 endoplasms (D:1)
  2 giant cockroaches (D:1)
  3 goblins (D:1)
  A hobgoblin (D:1)
  2 quokkas (D:1)
  A ball python (D:1)
  4 frilled lizards (D:1)
  2 kobolds (D:1)
  A rat (D:1)
21 creatures vanquished.

Notes
Turn   | Place    | Note
-------+----------+-------------------------------------------
     0 | D:1      | Crownlay the Gargoyle Earth Elementalist began the quest
                  | for the Orb.
     0 | D:1      | Reached XP level 1. HP: 10/10 MP: 3/3
   279 | D:1      | Reached XP level 2. HP: 14/15 MP: 5/5
   397 | D:1      | Reached skill level 4 in Earth Magic
   547 | D:1      | Reached XP level 3. HP: 2/19 MP: 7/7
   547 | D:1      | Slain by a hobgoblin

Illustrated notes

Levels and vault maps discovered:
D:1:      erik_arrival_blinker_ship, layout_rooms, basic_ecumenical_altar

Skill      XL: |  1  2 |
---------------+-------+-----
Earth Magic    | 4 |  4.1
Dodging        | |  1.5
Stealth        | |  2.1
Spellcasting   | |  2.9
Transmutations | |  0.7

Action                   || total
-------------------------++-------
Melee: Unarmed           ||     9
       Club              ||     9
       Short sword       ||    42
       Punch             ||     1
 Cast: Sandblast         ||    11
 Stab: Sleeping          ||     1
Armor: Robe              ||    28
Dodge: Dodged            ||    53

Table legend: (Time is in decaauts)
 A = Elapsed time spent in this place.
 B = Non-inter-level travel time spent in this place.
 C = Inter-level travel time spent in this place.
 D = Time resting spent in this place.
 E = Time spent auto-exploring this place.
 F = Levels seen in this place.
 G = Mean time per level.
                   A        B        C        D        E       F      G
               +--------+--------+--------+--------+--------+-----+--------+
         Total |    552 |    552 |      0 |      0 |    384 |   1 |  552.0 |
       Dungeon |    552 |    552 |      0 |      0 |    384 |   1 |  552.0 |
               +--------+--------+--------+--------+--------+-----+--------+

Top non-repeatable levels by time:
     D:1: 552 daAuts
